 Dungeon Crawl Stone Soup version 0.29-a0-380-gf50f0a9fbc (webtiles) character file.

Game seed: 99907517497946082

25094 Antichthon the Carver (level 13, 0/89 HPs)
             Began as a Formicid Abyssal Knight on May 5, 2022.
             Was the Champion of Lugonu.
             Killed from afar by a lindwurm (15 damage)
             ... with a blast of flame
             ... on level 4 of the Lair of Beasts.
             The game lasted 00:30:04 (15607 turns).

Antichthon the Carver (Formicid Abyssal Knight)    Turns: 15607, Time: 00:30:05

Health: 0/89       AC: 20    Str: 20    XL:     13   Next: 47%
Magic:  16/18      EV: 10    Int:  9    God:    Lugonu [******]
Gold:   746        SH:  0    Dex: 15    Spells: 12/12 levels left

rFire   + . .      SeeInvis +   a - +0 scimitar (spect)
rCold   . . .      Faith    .   (no shield)
rNeg    . . .      Spirit   .   m - +1 chain mail
rPois   .          Reflect  .   (helmet unavailable)
rElec   .          Harm     .   p - +1 cloak
rCorr   .          Rampage  .   (no gloves)
Will    +....      Clarity  +   t - +0 pair of boots
Stlth   +.........              d - amulet of regeneration
HPRegen 1.04/turn               o - +4 ring of protection
MPRegen 0.16/turn               q - ring of protection from fire

@: no status effects
A: permanent stasis, dig shafts and tunnels, antennae 3, four strong arms,
clarity, frail 1, wild magic 1
a: Dig, Shaft Self, Renounce Religion, Depart the Abyss, Bend Space, Banish,
Corrupt, Enter the Abyss, Brand Weapon With Distortion


You were on level 4 of the Lair of Beasts.
You worshipped Lugonu.
Lugonu was exalted by your worship.
You visited 2 branches of the dungeon, and saw 15 of its levels.
You visited the Abyss 1 time.

You collected 956 gold pieces.
You spent 210 gold pieces at shops.

Inventory:

Hand Weapons
 a - a +0 spectral scimitar (weapon)
 c - a +1 scimitar of flaming
 B - the +8 whip "Snakebite" {venom, curare, rPois}
   (You found it on level 2 of the Lair of Beasts)

   It poisons the flesh of those it strikes.
   It occasionally inflicts asphyxiating poison on those it strikes, dealing
   poison damage and causing slowness.
   rPois:     It protects you from poison.
Armour
 m - a +1 chain mail (worn)
 p - a +1 cloak (worn)
 t - a +0 pair of boots (worn)
Jewellery
 d - an amulet of regeneration (around neck)
 o - a +4 ring of protection (left hand)
 q - a ring of protection from fire (right hand)
 r - the ring of the Histrionic Mango {rC+ rN+ Str+4 Int+6}
   (You took it off a kobold on level 6 of the Dungeon)

   [ring of intelligence]

   Str:       It affects your strength (+4).
   Int:       It affects your intelligence (+6).
   rC:        It protects you from cold.
   rN:        It protects you from negative energy.
Wands
 e - a wand of flame (42)
Scrolls
 b - a scroll of identify
 g - a scroll of immolation
 n - a scroll of amnesia
 u - a scroll of vulnerability
 x - 2 scrolls of fear
 A - 3 scrolls of silence
Potions
 f - a potion of might {unknown}
 h - a potion of invisibility
 i - 6 potions of curing
 j - 2 potions of flight
 k - 3 potions of lignification
 l - 4 potions of attraction
 v - a potion of magic {unknown}
 w - 2 potions of resistance
 y - 4 potions of ambrosia


   Skills:
 * Level 8.6 Fighting
 * Level 11.0 Long Blades
 * Level 10.2 Crossbows
 * Level 9.3 Armour
 * Level 4.8 Dodging
 * Level 7.2 Stealth
 * Level 6.6 Shields
 * Level 6.8 Invocations
 * Level 5.7 Evocations


You had 12 spell levels left.
You didn't know any spells.
Your spell library contained the following spells:

 Spells                   Type           Power      Damage    Failure   Level
 Corpse Rot               Necr/Air       0%         N/A       99%         2
 Ensorcelled Hibernation  Hex/Ice        0%         N/A       99%         2
 Sublimation of Blood     Necr           0%         N/A       99%         2
 Wereblood                Tmut           0%         N/A       99%         2
 Lesser Beckoning         Tloc           0%         N/A       100%        3
 Spider Form              Tmut/Pois      0%         N/A       100%        3
 Anguish                  Hex/Necr       0%         N/A       100%        4
 Dispel Undead            Necr           0%         3d6       100%        4
 Manifold Assault         Tloc           0%         N/A       100%        5
 Death Channel            Necr           0%         N/A       100%        6
 Summon Hydra             Summ           0%         N/A       100%        7
 Blink                    Tloc           Unusable   N/A       N/A         2

Dungeon Overview and Level Annotations

Branches:
Dungeon (10/15)            Temple (0/1) D:5            Lair (5/6) D:8
 Shoals (0/4) Lair:4        Snake (0/4) Lair:2        Slime (0/5) Lair:5
    Orc (0/2) D:10

Altars:
Sif Muna
Jiyva

Shops:
D:2 !   D:6 *[

Annotations:
D:8 3 runed translucent doors, SirDiesAlot's ghost, novice HuFE


Innate Abilities, Weirdness & Mutations

You cannot be hasted, slowed, berserked, paralysed or teleported.
You can dig through walls and to a lower floor.
You have a pair of large antennae on your head. (SInv)
Your four strong arms can wield two-handed weapons with a shield.
You possess an exceptional clarity of mind.
You are frail. (-10% HP)
Your spells are a little harder to cast, but a little more powerful.


Message History

The death yak is lightly wounded.
Your +0 spectral scimitar barely misses the death yak.
The lindwurm bites you. The lindwurm claws you. x2
The death yak gores you but does no damage.
You hit the death yak.
The death yak is lightly wounded.
Your +0 spectral scimitar hits the death yak!
The death yak gores you but does no damage.
The lindwurm bites you.
The lindwurm claws you but does no damage.
The lindwurm claws you.
Unknown command.
You hit the death yak but do no damage.
The death yak is moderately wounded.
Your +0 spectral scimitar hits the death yak!
The death yak gores you but does no damage.
The lindwurm breathes flames at you. The blast of flame misses you.
Unknown command.
You hit the death yak but do no damage.
The death yak is moderately wounded.
Your +0 spectral scimitar hits the death yak!
The lindwurm bites you!
The lindwurm claws you but does no damage. x2
The death yak gores you!
* * * LOW HITPOINT WARNING * * *
Okay, then.
Space bends violently around you!
You blink.
You're wearing all the rings you can.
Remove which one? (? for menu, Esc to cancel) < or
o - a +4 ring of protection > or
r - the ring of the Histrionic Mango {rC+ rN+ Str+4 Int+6} You remove the ring of the Histrionic Mango {rC+ rN+ Str+4 Int+6}.
You feel stupid.
q - a ring of protection from fire (right hand) Unknown command.
Space bends violently around you!
You blink.
The lindwurm breathes flames at you. The blast of flame hits you! You resist.
You die...

# ##..## # #....#
##.### ##...#####
#.>.P..#.# ##......##
###.P.....###
#.#...†.....#
##.........@#
######...........##
P#.#.#....†.....§.###
...............†k...#
..................Y.#
..................§.#
....................#
........##P.........#
......#######..###.##


You could see a death yak and a lindwurm (catching breath).

Vanquished Creatures
  2 hydras
  4 two-headed ogres (D:10)
  2 death yaks (Lair:4)
  Pikel (D:4)
  A merfolk siren (Lair:4)
  4 black mambas (Lair:2)
  11 cane toads
  4 komodo dragons
  A rime drake (Lair:2)
  3 trolls (D:10)
  11 blink frogs
  Grinder (D:5)
  A hornet (D:9)
  Sigmund (D:4)
  4 wyverns
  22 yaks
  A basilisk (Lair:2)
  Edmund (D:5)
  5 nagas (Lair:2)
  14 water moccasins
  4 orc warriors
  2 sky beasts (D:7)
  3 black bears
  2 ice beasts
  2 ogres
  2 centaurs (D:9)
  6 wolves
  Blork the orc (D:6)
  3 necrophages
  14 bullfrogs
  3 scorpions
  9 wights (D:10)
  6 killer bees (D:8)
  3 howler monkeys (D:7)
  An electric eel (Lair:5)
  5 hounds
  2 jellies
  2 orc priests (D:9)
  Jessica (D:3)
  An iguana (D:5)
  7 orc wizards
  Terence (D:3)
  7 gnolls
  11 adders
  A shadow imp (D:5)
  An ufetubus (D:5)
  5 worms
  40 orcs
  4 ball pythons
  6 bats
  6 endoplasms
  4 giant cockroaches
  9 goblins
  2 hobgoblins
  2 jackals (D:3)
  5 quokkas
  4 frilled lizards
  6 kobolds
  2 rats
289 creatures vanquished.

Vanquished Creatures (others)
  18 fungi
  21 plants
39 creatures vanquished.

Grand Total: 328 creatures vanquished

Notes
Turn   | Place    | Note
-------+----------+-------------------------------------------
     0 | Abyss:1  | Antichthon the Formicid Abyssal Knight began the quest for
                  | the Orb.
     0 | Abyss:1  | Reached XP level 1. HP: 18/18 MP: 2/2
     7 | D:1      | Escaped the Abyss
   153 | D:1      | Reached skill level 1 in Crossbows
   328 | D:1      | Reached XP level 2. HP: 16/24 MP: 3/3
  1020 | D:2      | Found Pypi's Distillery.
  1028 | D:2      | Bought a potion of curing for 42 gold pieces
  1028 | D:2      | Bought a potion of flight for 42 gold pieces
  1064 | D:2      | HP: 1/24 [worm (7)]
  1586 | D:2      | Reached XP level 3. HP: 20/29 MP: 4/4
  1767 | D:2      | Found a faded altar of an unknown god.
  2286 | D:3      | Reached *** piety under Lugonu
  2287 | D:3      | Reached XP level 4. HP: 33/35 MP: 5/5
  2332 | D:3      | Noticed Terence
  2350 | D:3      | Killed Terence
  2351 | D:3      | Reached skill level 1 in Dodging
  2641 | D:3      | Reached XP level 5. HP: 34/41 MP: 6/6
  2912 | D:3      | Identified the +1 leather armour of Hairiness {Str+3 Dex-2
                  | Stlth+}
  3041 | D:3      | Noticed Jessica
  3059 | D:3      | Killed Jessica
  3062 | D:3      | Found a shimmering blue altar of Sif Muna.
  3729 | D:4      | Reached skill level 3 in Long Blades
  3729 | D:4      | Reached skill level 1 in Stealth
  3729 | D:4      | Reached skill level 1 in Shields
  3729 | D:4      | Reached XP level 6. HP: 47/48 MP: 7/7
  3768 | D:4      | Reached skill level 1 in Evocations
  3884 | D:4      | Noticed Sigmund
  3901 | D:4      | Killed Sigmund
  3902 | D:4      | Reached XP level 7. HP: 54/54 MP: 9/9
  3989 | D:5      | Entered Level 5 of the Dungeon
  3991 | D:5      | Noticed Pikel
  4016 | D:4      | Reached skill level 4 in Long Blades
  4128 | D:4      | Killed Pikel
  4129 | D:4      | Reached XP level 8. HP: 22/61 MP: 10/10
  4205 | D:5      | Reached skill level 5 in Long Blades
  4260 | D:5      | Reached **** piety under Lugonu
  4448 | D:5      | Reached skill level 5 in Fighting
  4525 | D:5      | Reached XP level 9. HP: 23/68 MP: 11/11
  4660 | D:5      | Found a staircase to the Ecumenical Temple.
  4924 | D:6      | Noticed Grinder
  4924 | D:6      | Found Idubekh's Overcharged Wands.
  4924 | D:6      | You fall into a shaft and drop 2 floors!
  5122 | D:8      | Reached skill level 5 in Armour
  5211 | D:7      | Reached skill level 6 in Long Blades
  5231 | D:6      | Noticed Edmund
  5389 | D:5      | Killed Grinder
  5483 | D:5      | Killed Edmund
  5515 | D:6      | Identified the ring of the Histrionic Mango {rC+ rN+ Str+4
                  | Int+6}
  5751 | D:6      | Noticed Blork the orc
  5764 | D:6      | Killed Blork the orc
  5816 | D:6      | Found Ahiarym's Antique Armour Shop.
  5826 | D:6      | Bought a pair of boots for 126 gold pieces
  6124 | D:7      | Reached skill level 7 in Long Blades
  6124 | D:7      | Reached XP level 10. HP: 66/76 MP: 13/13
  6491 | D:7      | Reached skill level 5 in Crossbows
  6518 | D:7      | Reached ***** piety under Lugonu
  6746 | D:8      | Found a staircase to the Lair.
  7052 | D:8      | Found a runed translucent gate.
  7052 | D:8      | Found a runed translucent gate.
  7052 | D:8      | Noticed SirDiesAlot's ghost (novice HuFE)
  7053 | D:8      | Found a runed translucent gate.
  7053 | D:8      | Noticed a kobold demonologist
  8141 | D:9      | Reached skill level 8 in Long Blades
  8141 | D:9      | Reached skill level 5 in Invocations
  8446 | D:9      | Reached skill level 5 in Stealth
  8872 | D:10     | Entered Level 10 of the Dungeon
  8984 | D:10     | Reached XP level 11. HP: 59/82 MP: 14/14
  9306 | D:10     | Noticed a two-headed ogre
  9323 | D:10     | Killed a two-headed ogre
  9324 | D:10     | Reached skill level 5 in Shields
  9391 | D:10     | Noticed a two-headed ogre
  9398 | D:10     | Killed a two-headed ogre
  9399 | D:10     | Reached skill level 9 in Long Blades
  9413 | D:10     | Found a staircase to the Orcish Mines.
  9793 | D:10     | Noticed a two-headed ogre
  9801 | D:10     | Killed a two-headed ogre
  9896 | D:10     | Noticed a two-headed ogre
  9910 | D:10     | Killed a two-headed ogre
 10322 | Lair:1   | Entered Level 1 of the Lair of Beasts
 10828 | Lair:1   | Noticed a five-headed hydra
 11101 | Lair:1   | Killed a five-headed hydra
 11162 | Lair:1   | Reached XP level 12. HP: 71/92 MP: 16/16
 11388 | Lair:1   | Gained mutation: You possess an exceptional clarity of
                  | mind. [potion of mutation]
 11388 | Lair:1   | Gained mutation: You are frail. (-10% HP) [potion of
                  | mutation]
 11388 | Lair:1   | Gained mutation: Your spells are a little harder to cast,
                  | but a little more powerful. [potion of mutation]
 11521 | Lair:2   | Reached skill level 5 in Evocations
 11549 | Lair:2   | Reached skill level 10 in Long Blades
 11933 | Lair:2   | Found the +8 whip "Snakebite" {venom, curare, rPois}
 12361 | Lair:2   | Noticed an eight-headed hydra
 12390 | Lair:2   | Killed an eight-headed hydra
 12681 | Lair:2   | Found a staircase to the Snake Pit.
 13077 | Lair:3   | You fall into a shaft and drop 1 floor!
 13220 | Lair:3   | Reached ****** piety under Lugonu
 13921 | Lair:3   | Reached XP level 13. HP: 63/89 MP: 17/17
 14375 | Lair:4   | Identified the +7 falchion of Wyrd {vorpal, Str+2 SInv}
 14728 | Lair:4   | Reached skill level 10 in Crossbows
 14747 | Lair:4   | Found a staircase to the Shoals.
 14930 | Lair:4   | Identified a scroll of acquirement
 14930 | Lair:4   | Acquired a +1 scimitar of flaming
 15000 | Lair:5   | Found a viscous altar of Jiyva.
 15000 | Lair:5   | Found a staircase to the Slime Pits.
 15398 | Lair:4   | Reached skill level 11 in Long Blades
 15607 | Lair:4   | Killed from afar by a lindwurm

Illustrated notes

Levels and vault maps discovered:
D:1:      minmay_arrival_glassed_features, layout_rooms, serial_bayou_crossing
D:2:      layout_basic, hellmonk_ecumenical_altar_run_dry, serial_shops, shop
D:3:      layout_loops_ring, tgw_sif, minmay_shallow_snake_nest, uniq_terence
D:4:      layout_rooms, kennysheep_generic_room_10, uniq_sigmund
D:5:      layout_cave_pools, temple_hall, amcnicky_mini_corridor_feature,
          dreamdust_gnoll_farm, uniq_pikel
D:6:      minmay_goblin_kobold_castle, layout_basic, serial_shops,
          nicolae_lakefront_shop, hangedman_abyss_or_decor_passed,
          nicolae_shop_overcharged_wands, uniq_edmund, uniq_blork_the_orc,
          uniq_grinder
D:7:      layout_gridville, kennysheep_generic_room_12
D:8:      layout_basic, lair_entry_dummy, gammafunk_ghost_nasty_kobolds,
          nicolae_elevator_lobby_plus
D:9:      layout_stronghold
D:10:     layout_roguey, david_orc_2, grunt_ministairs_12
Lair:1:   layout_long_grid
Lair:2:   minmay_guarded_unrand_snakebite, layout_regular_city,
          minmay_snake_entry_guardpost_medium
Lair:3:   layout_loops_ring
Lair:4:   layout_cave_pods, minmay_shoals_entry_lonely_mermaid,
          infiniplex_staircase_pool_2
Lair:5:   layout_cave_pods, slime_altar_1, nicolae_quartered_pool_little,
          grunt_megastairs_4, lemuel_fruit_fields, serial_bayou_shore_a

Skill      XL: |  1  2  3  4  5  6  7  8  9 10 11 12 13 |
---------------+----------------------------------------+-----
Crossbows      | 1 2 3 4 5 6 8 10 | 10.2
Dodging        | 1 2 3 4 |  4.8
Long Blades    | 3 4 5 7 8 9 10 11 | 11.0
Stealth        | 1 2 3 4 5 6 7 |  7.2
Shields        | 1 2 3 4 5 6 |  6.6
Evocations     | 1 2 3 4 5 |  5.7
Armour         | 3 4 5 6 8 9 |  9.3
Fighting       | 4 5 6 7 8 |  8.6
Invocations    | 3 4 5 6 |  6.8

Action                   |  1- 3 |  4- 6 |  7- 9 | 10-12 | 13-15 || total
-------------------------+-------+-------+-------+-------+-------++-------
Melee: Falchion          |   129 |   216 |   222 |       |       ||   567
       Punch             |     1 |     2 |     3 |    18 |     4 ||    28
       Scimitar          |       |       |   188 |   767 |   160 ||  1115
       Morningstar       |       |       |       |     2 |       ||     2
       Whip              |       |       |       |     5 |       ||     5
Invok: Bend Space        |       |       |       |     1 |     2 ||     3
Evoke: Wand              |       |       |     1 |    14 |       ||    15
  Use: Scroll            |       |    11 |     5 |     9 |     2 ||    27
       Potion            |       |       |     2 |     8 |       ||    10
 Stab: Distracted        |       |       |       |     2 |     2 ||     4
Armor: Leather armour    |    20 |       |       |       |       ||    20
       Chain mail        |    37 |   158 |   342 |   494 |    63 ||  1094
       Ring mail         |    11 |       |       |       |       ||    11
Dodge: Dodged            |    61 |    87 |   237 |   398 |    52 ||   835

Table legend: (Time is in decaauts)
 A = Elapsed time spent in this place.
 B = Non-inter-level travel time spent in this place.
 C = Inter-level travel time spent in this place.
 D = Time resting spent in this place.
 E = Time spent auto-exploring this place.
 F = Levels seen in this place.
 G = Mean time per level.
                   A        B        C        D        E       F      G
               +--------+--------+--------+--------+--------+-----+--------+
         Total |  15690 |  14583 |   1107 |   1165 |   9407 |  16 |  980.6 |
       Dungeon |  10640 |   9798 |    842 |    824 |   6098 |  10 | 1064.0 |
          Lair |   5043 |   4779 |    264 |    341 |   3306 |   5 | 1008.6 |
         Abyss |      7 |      7 |      0 |      0 |      2 |   1 |    7.0 |
               +--------+--------+--------+--------+--------+-----+--------+

Top non-repeatable levels by time:
  Lair:2: 1502 daAuts
    D:10: 1422 daAuts
     D:8: 1346 daAuts
     D:9: 1344 daAuts
     D:1: 1291 daAuts
  Lair:4: 1182 daAuts
  Lair:3: 1088 daAuts
     D:5: 1029 daAuts
     D:2: 986 daAuts
     D:4: 982 daAuts
     D:3: 948 daAuts
  Lair:1: 861 daAuts
     D:6: 688 daAuts
     D:7: 601 daAuts
  Lair:5: 407 daAuts
